 Dungeon Crawl Stone Soup version 0.26.1-11-gd32895ea62 (webtiles) character file.

Game seed: 18155908712429915788

720 Zeld the Digger (level 7, 0/36 HPs)
             Began as a Gargoyle Earth Elementalist on Sept 7, 2021.
             Was an Initiate of Gozag.
             Slain by a centaur zombie (5 damage)
             ... on level 5 of the Dungeon.
             The game lasted 00:10:33 (6146 turns).

Zeld the Digger (Gargoyle Earth Elementalist)       Turns: 6146, Time: 00:10:34

Health: 0/36       AC: 11    Str: 12    XL:     7   Next: 70%
Magic:  13/13      EV: 12    Int: 17    God:    Gozag
Gold:   150        SH:  0    Dex: 10    Spells: 4/14 levels left

rFire    . . .     SeeInvis .   a - +2 spear (venom)
rCold    . . .     Faith    .   (no shield)
rNeg     + . .     Spirit   .   c - +0 robe
rPois    ∞         Reflect  .   u - +1 helmet
rElec    +         Harm     .   g - +0 cloak (curse)
rCorr    .         Rampage  .   t - +0 pair of gloves
Will     .....                  (no boots)
Stlth    ++........             (no amulet)
HPRegen  0.12/turn              (no ring)
MPRegen  0.13/turn              (no ring)

@: no status effects
A: negative energy resistance 1, electricity resistance, unbreathing,
petrification resistance, miasma immunity, AC +4
a: Renounce Religion, Potion Petition, Call Merchant, Bribe Branch


You were on level 5 of the Dungeon.
You worshipped Gozag.
Gozag was aware of your devotion.
You visited 2 branches of the dungeon, and saw 6 of its levels.

You collected 188 gold pieces.
You paid 38 gold pieces to Gozag.

Inventory:

Hand Weapons
 a - a +2 spear of venom (weapon)
Missiles
 b - 87 stones (quivered)
Armour
 c - a +0 robe (worn)
 g - a cursed +0 cloak (worn)
 t - a +0 pair of gloves (worn)
 u - a +1 helmet (worn)
Wands
 v - a wand of iceblast (7)
Scrolls
 d - a scroll of magic mapping {unknown}
 j - 9 scrolls of teleportation {unknown}
 k - a scroll of identify {unknown}
 l - a scroll of amnesia {unknown}
 m - a scroll of fog {unknown}
 p - 3 scrolls of enchant weapon {unknown}
 q - a scroll of random uselessness {unknown}
 s - 2 scrolls of immolation {unknown}
 w - a scroll of fear {unknown}
Potions
 e - a potion of flight {unknown}
 f - 3 potions of might {unknown}
 h - a potion of lignification {unknown}
 i - a potion of invisibility {unknown}
 n - 2 potions of haste
 o - 6 potions of curing
 r - a potion of attraction {unknown}


   Skills:
 + Level 2.7 Armour
 + Level 2.7 Dodging
 + Level 4.1 Stealth
 * Level 4.2 Spellcasting
 + Level 2.6 Conjurations
 - Level 1.0 Transmutations
 * Level 6.1 Earth Magic


You had 4 spell levels left.
You knew the following spells:

 Your Spells              Type           Power        Failure   Level
a - Sandblast             Erth           48%          1%          1
b - Passwall              Tmut/Erth      12%          5%          2
c - Stone Arrow           Conj/Erth      36%          8%          3
d - Petrify               Tmut/Erth      15%          34%         4

Your spell library contained the following spells:

 Spells                   Type           Power        Failure   Level
 Lee's Rapid Deconstruct  Erth           12%          34%         5


Dungeon Overview and Level Annotations

Branches:
Dungeon (5/15)             Temple (1/1) D:4

Altars:
Ashenzari
Cheibriados
Dithmenos
Elyvilon
Fedhas
Gozag
Hepliaklqana
Kikubaaqudgha
Nemelex Xobeh
Okawaru
Sif Muna
Trog
Uskayaw
Vehumet
Wu Jian
Yredelemnul
Zin
The Shining One

Shops:
D:4 (


Innate Abilities, Weirdness & Mutations

You are resistant to torment.
Your stone body is resilient. (AC +4)
You are immune to poison.
You resist negative energy. (rN+)
You are resistant to electric shocks. (rElec)
You can survive without breathing.
You are immune to petrification.
You are immune to miasma.


Message History

The centaur zombie hits you but does no damage.
You hit the centaur zombie but do no damage.
The centaur zombie is heavily damaged.
The centaur zombie completely misses you.
You hit the centaur zombie.
The centaur zombie is severely damaged.
The centaur zombie hits you but does no damage.
You hit the ogre.
The ogre is poisoned.
The ogre is lightly wounded.
You puncture the centaur zombie!
The centaur zombie is almost destroyed.
The centaur zombie closely misses you.
The ogre hits you with a +0 giant club!!
Ouch! That really hurt!
* * * LOW HITPOINT WARNING * * *
The centaur zombie closely misses you. The ogre misses you.
The centaur zombie hits you.
You die...
Your body crumbles into a pile of gold.

#.......# #.......#
#.......#
.#####.^...####
..............+
.######....####
#.O.## ##.#Z##
#.###@# ##.#.## #+#
#.## ### #.# #.#
##.###.## #.#
##.#.#...# #.#
#.#..(...## #.#
##........# #.#
##.##...##
#.######.###.#######


You could see an ogre (very poisoned) and a centaur zombie.

Vanquished Creatures
  Sigmund (D:4)
  A phantom (D:4)
  An ogre (D:4)
  2 scorpions
  An orc priest (D:3)
  A gnoll shaman (D:1)
  An orc wizard (D:3)
  A hound skeleton (D:4)
  8 gnolls
  3 adders
  An adder skeleton (D:5)
  4 worms
  3 dart slugs (D:1)
  3 leopard geckos
  6 orcs
  4 bats
  2 giant cockroaches
  7 goblins
  6 hobgoblins
  3 jackals (D:2)
  6 kobolds
  3 quokkas
  A ball python (D:2)
  A frilled lizard (D:2)
  A leopard gecko zombie (D:5)
  10 rats
81 creatures vanquished.

Vanquished Creatures (others)
  5 plants (D:4)
5 creatures vanquished.

Grand Total: 86 creatures vanquished

Notes
Turn   | Place    | Note
-------+----------+-------------------------------------------
     0 | D:1      | Zeld the Gargoyle Earth Elementalist began the quest for
                  | the Orb.
     0 | D:1      | Reached XP level 1. HP: 10/10 MP: 3/3
   275 | D:1      | Reached XP level 2. HP: 7/15 MP: 0/5
   323 | D:1      | Learned a level 2 spell: Passwall
   627 | D:1      | Reached skill level 1 in Transmutations
   743 | D:1      | Reached skill level 4 in Earth Magic
   748 | D:1      | Reached XP level 3. HP: 11/19 MP: 0/6
   883 | D:1      | Learned a level 3 spell: Stone Arrow
  1353 | D:2      | Found an iron altar of Okawaru.
  1353 | D:2      | Found a white marble altar of Elyvilon.
  1374 | D:2      | Reached skill level 1 in Armour
  1618 | D:1      | Reached XP level 4. HP: 8/24 MP: 2/8
  2486 | D:2      | Found a glowing silver altar of Zin.
  2690 | D:2      | Found a glowing golden altar of the Shining One.
  2965 | D:2      | Reached skill level 1 in Conjurations
  2965 | D:2      | Reached XP level 5. HP: 28/28 MP: 5/9
  3271 | D:2      | Noticed a moth of wrath
  3274 | D:2      | Found a bloodstained altar of Trog.
  4419 | D:3      | Found an ancient bone altar of Kikubaaqudgha.
  4686 | D:4      | Noticed Sigmund
  4697 | D:4      | Killed Sigmund
  4698 | D:4      | Reached skill level 5 in Earth Magic
  4698 | D:4      | Reached XP level 6. HP: 20/32 MP: 9/11
  4707 | D:4      | Learned a level 4 spell: Petrify
  4990 | D:4      | Noticed a phantom
  5009 | D:4      | Killed a phantom
  5010 | D:4      | Reached XP level 7. HP: 28/36 MP: 7/12
  5087 | D:4      | Found Suexoh's Antique Weapon Boutique.
  5113 | D:4      | Reached skill level 6 in Earth Magic
  5320 | D:4      | Found a staircase to the Ecumenical Temple.
  5338 | Temple   | Entered the Ecumenical Temple
  5391 | Temple   | Became a worshipper of Gozag Ym Sagoz the Greedy
  5853 | D:5      | Entered Level 5 of the Dungeon
  6146 | D:5      | Slain by a centaur zombie

Illustrated notes

Levels and vault maps discovered:
D:1:      sevenhm_arrival_forest_fort_small_5, layout_basic
D:2:      layout_loops_ring, marbit_many_paths,
          chequers_temple_overflow_statue_of_worship, zin_statuary, tgw_trog
D:3:      layout_loops_ring, nicolae_overflow_hidden_temple
D:4:      layout_basic, minmay_temple_entry_gardened_gates, serial_shops, shop,
          uniq_sigmund
D:5:      layout_loops_corners, serial_shops,
          nicolae_shop_temple_entry_statues_fountains, uniq_prince_ribbit1
Temple:   minmay_temple_bridge_abc

Skill      XL: |  1  2  3  4  5  6  7 |
---------------+----------------------+-----
Transmutations | 1 |  1.0
Earth Magic    | 4 5 6 |  6.1
Armour         | 1 2 |  2.7
Dodging        | 2 |  2.7
Conjurations   | 1 2 |  2.6
Spellcasting   | 3 4 |  4.2
Stealth        | 3 4 |  4.1

Action                   |  1- 3 |  4- 6 |  7- 9 || total
-------------------------+-------+-------+-------++-------
Melee: Unarmed           |    23 |     2 |       ||    25
       Spear             |       |    93 |    44 ||   137
 Cast: Sandblast         |    41 |    77 |       ||   118
 Stab: Sleeping          |       |     2 |     2 ||     4
Armor: Robe              |    17 |    36 |    13 ||    66
Dodge: Dodged            |    43 |    58 |    19 ||   120
